 Dungeon Crawl Stone Soup version 0.31-a0-596-g831eee08f1 (webtiles) character file.

Game seed: 4678048395031890206

5 RepHenryClay the Conjurer (level 1, -1/11 HPs)
             Began as an Octopode Conjurer on Aug 20, 2023.
             Slain by a rat (3 damage)
             ... on level 1 of the Dungeon.
             The game lasted 00:00:16 (92 turns).

RepHenryClay the Conjurer (Octopode Conjurer)         Turns: 92, Time: 00:00:16

Health: -1/11      AC:  1    Str:  6    XL:     1   Next: 80%
Magic:  1/3        EV: 13    Int: 20    God:
Gold:   0          SH:  0    Dex: 10    Spells: 3/4 levels left

rFire   . . .        (no weapon)
rCold   . . .        (no shield)
rNeg    . . .        (helmet restricted)
rPois   .            (no amulet)
rElec   .            (no ring)
rCorr   .            (no ring)
SInv    .            (no ring)
Will    .....        (no ring)
Stlth   +++          (no ring)
HPRegen 0.21/turn    (no ring)
MPRegen 0.08/turn    (no ring)
                     (no ring)

%: no passive effects
@: no status effects
A: almost no armour, amphibious, 8 rings, camouflage 1, gelatinous body 1,
(nimble swimmer 1), tentacles
a: no special abilities


You were on level 1 of the Dungeon.
You visited 1 branch of the dungeon, and saw 1 of its levels.

Inventory:

Potions
 a - a potion of magic


   Skills:
 - Level 2.0 Dodging
 - Level 2.6 Stealth
 - Level 2.0 Spellcasting
 + Level 4.3 Conjurations


You had 3 spell levels left.
You knew the following spells:

 Your Spells              Type           Power      Damage    Failure   Level
a - Magic Dart            Conj           76%        1d6       2%          1

Your spell library contained the following spells:

 Spells                   Type           Power      Damage    Failure   Level
 Searing Ray              Conj           38%        2d5       4%          2
 Dazzling Flash           Conj/Hex       20%        N/A       21%         3
 Portal Projectile        Hex/Tloc       4%         N/A       43%         3
 Tukima's Dance           Hex            2%         N/A       43%         3
 Fulminant Prism          Conj/Hex       5%         3d6       54%         4
 Iskenderun's Mystic Bla  Conj/Tloc      10%        2d4       54%         4


Dungeon Overview and Level Annotations

Branches:
Dungeon (1/15)

Altars:


Innate Abilities, Weirdness & Mutations

You cannot wear most types of armour.
You are amphibious.
You can wear up to eight rings at the same time.
Your skin changes colour to match your surroundings (Stealth+).
Your rubbery body absorbs attacks. (AC +1, EV +1)
((You are camouflaged when in or above water. (Stealth+)))
You have tentacles for arms and can constrict up to eight enemies at once.


Message History

You grab the ball python.
The ball python is moderately wounded.
You constrict the ball python. The ball python bites you.
The ball python grabs you. The ball python constricts you.
Damage: -9%(-1hp) hp: 91%(10hp)
You tentacle-slap the ball python.
You kill the ball python!
A rat comes into view.
The quokka barely misses you. The quokka closely misses you.
You closely miss the quokka. Your grab misses the quokka. The quokka bites you.
Damage: -9%(-1hp) hp: 91%(10hp)
You barely miss the quokka. Your grab misses the quokka.
Your squeeze misses the quokka. The quokka barely misses you.
You tentacle-slap the quokka but do no damage.
Your grab misses the quokka. The quokka bites you.
Damage: -9%(-1hp) hp: 82%(9hp)
You tentacle-slap the quokka but do no damage.
You grab the quokka.
You constrict the quokka, but do no damage.
The quokka closely misses you.
You tentacle-slap the quokka but do no damage.
You squeeze the quokka.
The quokka is severely wounded.
You constrict the quokka, but do no damage.
The quokka closely misses you. The rat bites you but does no damage.
The quokka bites you.
Huge Dmg: -27%(-3hp) hp: 55%(6hp)
You barely miss the quokka.
The quokka is severely wounded.
You constrict the quokka, but do no damage.
The quokka bites you.
* * * LOW HITPOINT WARNING * * *
The rat closely misses you.
Huge Dmg: -27%(-3hp) hp: 28%(3hp)
You tentacle-slap the quokka but do no damage.
The quokka is severely wounded.
You constrict the quokka. The quokka bites you.
* * * LOW HITPOINT WARNING * * *
The rat bites you.
You die...

## .... ### #..###.##
#.##..#.###### #
##.#.####⌠...⌠# ...
#..#..###.....# ..).###
##.#....##.>.<.#
.......###..#.##.##.....#
...#r@....#.##.##⌠...⌠#
...>...r....#...[########
..........†..†......#
......†.............#
.............>......#
....................#
....................#
....................#
.....†............#


You could see a quokka and a rat.

Vanquished Creatures
  2 bats (D:1)
  2 hobgoblins (D:1)
  A ball python (D:1)
5 creatures vanquished.

Notes
Turn   | Place    | Note
-------+----------+-------------------------------------------
     0 | D:1      | RepHenryClay the Octopode Conjurer began the quest for the
                  | Orb.
     0 | D:1      | Reached XP level 1. HP: 11/11 MP: 3/3
    92 | D:1      | Slain by a rat

Illustrated notes

Levels and vault maps discovered:
D:1:      amcnicky_arrival_gap_in_the_tavern_cellar, layout_rooms

Action                     || total
---------------------------++-------
  Melee: Unarmed           ||     9
         Constrict         ||     2
         Tentacles         ||     1
   Cast: Magic Dart        ||     8
 Armour: Skin              ||     1
  Dodge: Dodged            ||     7

Table legend: (Time is in decaauts)
 A = Elapsed time spent in this place.
 B = Non-inter-level travel time spent in this place.
 C = Inter-level travel time spent in this place.
 D = Time resting spent in this place.
 E = Time spent auto-exploring this place.
 F = Levels seen in this place.
 G = Mean time per level.
                   A        B        C        D        E       F      G
               +--------+--------+--------+--------+--------+-----+--------+
         Total |     92 |     92 |      0 |      0 |     63 |   1 |   92.0 |
       Dungeon |     92 |     92 |      0 |      0 |     63 |   1 |   92.0 |
               +--------+--------+--------+--------+--------+-----+--------+

Top non-repeatable levels by time:
     D:1: 92 daAuts
